[Event "23rd Hoogeveen Open 2019"]
[Site "Hoogeveen"]
[Date "2019.10.23"]
[Round "6.23"]
[White "Stock, Andreas"]
[Black "Advait, Bagri"]
[Result "1/2-1/2"]
[ECO "D13"]
[WhiteElo "2076"]
[BlackElo "2231"]
[Annotator "ChessBase"]
[PlyCount "82"]
[EventDate "2019.10.19"]
[EventType "swiss"]
[EventCountry "NED"]
[SourceTitle "playchess.com"]
[Source "ChessBase"]
[SourceQuality "1"]
[TimeControl "40/5400+30:1800+30"]

1. c4 Nf6 2. Nc3 c6 3. Nf3 d5 4. cxd5 cxd5 5. d4 Nc6 6. Bf4 a6 7. e3 Bf5 8. Bd3 Bxd3 9. Qxd3 e6 10. O-O Bd6 11. Bxd6 Qxd6 12. Rfc1 O-O 13. Na4 Ne4 14. Nc5 Nxc5 15. Rxc5 Rac8 16. Qb3 Qb8 17. Qb6 Na7 18. Rac1 Rc6 19. Rxc6 Nxc6 20. g3 Rc8 21. Rc5 Qc7 22. Qxc7 Rxc7 23. Ne5 Kf8 24. Kf1 Ke7 25. Ke2 Kd6 26. Nxc6 Rxc6 27. Rxc6+ Kxc6 28. f4 Kd6 29. Kd3 a5 30. a4 f6 31. Kc3 e5 32. b4 b6 33. bxa5 bxa5 34. Kd3 Ke6 35. fxe5 fxe5 36. e4 dxe4+ 37. Kxe4 exd4 38. Kxd4 Kd6 39. Kc4 Kc6 40. Kd4 Kd6 41. Kc4 Ke5 1/2-1/2

[Event "23rd Hoogeveen Open 2019"]
[Site "Hoogeveen"]
[Date "2019.10.23"]
[Round "6.24"]
[White "De Boer, Bas"]
[Black "Emans, Job"]
[Result "0-1"]
[ECO "D32"]
[WhiteElo "2142"]
[BlackElo "2028"]
[Annotator "ChessBase"]
[PlyCount "68"]
[EventDate "2019.10.19"]
[EventType "swiss"]
[EventCountry "NED"]
[SourceTitle "playchess.com"]
[Source "ChessBase"]
[SourceQuality "1"]
[TimeControl "40/5400+30:1800+30"]

1. Nf3 Nf6 2. c4 e6 3. Nc3 d5 4. e3 Be7 5. b3 O-O 6. Bb2 c5 7. cxd5 exd5 8. d4 Nc6 9. Be2 Re8 10. dxc5 Bxc5 11. O-O Bg4 12. Rc1 Bb6 13. Nb5 Ne4 14. Nbd4 Qd6 15. Nxc6 bxc6 16. Nd4 Bd7 17. Bg4 Bc7 18. g3 c5 19. Nf5 Qg6 20. Nh6+ Qxh6 21. Bxd7 Re7 22. Bf5 Rd8 23. Rc2 Qg5 24. Qg4 Qxg4 25. Bxg4 d4 26. exd4 cxd4 27. Rd1 d3 28. Rc4 Bb6 29. Ba3 Re5 30. Rc6 Nxf2 31. Rxb6 Nxd1 32. Rb7 Re1+ 33. Kg2 Ne3+ 34. Kf2 Nxg4+ 0-1

[Event "23rd Hoogeveen Open 2019"]
[Site "Hoogeveen"]
[Date "2019.10.23"]
[Round "6.25"]
[White "Stavast, Dick"]
[Black "Van der Velde, Henk"]
[Result "0-1"]
[ECO "A07"]
[WhiteElo "2068"]
[BlackElo "2118"]
[Annotator "ChessBase"]
[PlyCount "71"]
[EventDate "2019.10.19"]
[EventType "swiss"]
[EventCountry "NED"]
[SourceTitle "playchess.com"]
[Source "ChessBase"]
[SourceQuality "1"]
[TimeControl "40/5400+30:1800+30"]

1. Nf3 d5 2. g3 Nf6 3. Bg2 Bf5 4. d3 e6 5. O-O Be7 6. Nbd2 O-O 7. Qe1 h6 8. e4 Bh7 9. Qe2 c5 10. b3 Nc6 11. Bb2 Qc7 12. a3 b5 13. Rae1 c4 14. exd5 cxd3 15. cxd3 Nxd5 16. Rc1 Qb6 17. Bh3 Bf6 18. Ne4 Bxb2 19. Qxb2 Nde7 20. Nc5 Rad8 21. d4 Rd5 22. Rfe1 Rfd8 23. Nxe6 fxe6 24. Bxe6+ Kh8 25. Bxd5 Rxd5 26. Ne5 Nxe5 27. dxe5 Qe6 28. Qc3 Bf5 29. Rcd1 Bh3 30. Rxd5 Qxd5 31. f3 Be6 32. Re3 Qd1+ 33. Kf2 Nd5 34. Qd3 Nxe3 35. Qxe3 Qxb3 36. Qd2 0-1

[Event "23rd Hoogeveen Open 2019"]
[Site "Hoogeveen"]
[Date "2019.10.23"]
[Round "6.26"]
[White "Ricken, Katharina"]
[Black "Nicolai, Amir"]
[Result "1-0"]
[ECO "D02"]
[WhiteElo "1970"]
[BlackElo "2117"]
[Annotator "ChessBase"]
[PlyCount "77"]
[EventDate "2019.10.19"]
[EventType "swiss"]
[EventCountry "NED"]
[SourceTitle "playchess.com"]
[Source "ChessBase"]
[SourceQuality "1"]
[TimeControl "40/5400+30:1800+30"]

1. Nf3 d5 2. g3 Nc6 3. d4 Bf5 4. Bg2 e6 5. O-O Nb4 6. Na3 h6 7. c3 Nc6 8. Qb3 Bxa3 9. Qxa3 Nge7 10. Nd2 e5 11. dxe5 Nxe5 12. e4 Be6 13. Nf3 Nc4 14. Qa4+ Qd7 15. Qxd7+ Kxd7 16. Rd1 Kc8 17. exd5 Bxd5 18. b3 Nb6 19. Bh3+ Kb8 20. Nd4 Nc6 21. c4 Nxd4 22. Rxd4 Bc6 23. Bf4 Nc8 24. Rad1 b6 25. Rd8 Rxd8 26. Rxd8 Kb7 27. Rf8 g5 28. Be5 Nd6 29. Bxd6 cxd6 30. Rxf7+ Ka6 31. Bg2 Bxg2 32. Kxg2 d5 33. cxd5 Rd8 34. Rf5 Rd6 35. Kf3 Kb5 36. Ke4 Kc5 37. Rf8 Rd7 38. Rc8+ Kd6 39. Rc6+ {[%emt 0:00:28] Kxd5+} 1-0

[Event "23rd Hoogeveen Open 2019"]
[Site "Hoogeveen"]
[Date "2019.10.23"]
[Round "6.29"]
[White "Ypma, Jord"]
[Black "Faber, Hugo"]
[Result "1/2-1/2"]
[ECO "E62"]
[WhiteElo "2013"]
[BlackElo "2077"]
[Annotator "NA"]
[PlyCount "89"]
[EventDate "2019.10.19"]
[EventType "swiss"]
[EventCountry "NED"]
[SourceTitle "playchess.com"]
[Source "ChessBase"]
[SourceQuality "1"]
[TimeControl "40/5400+30:1800+30"]

1. d4 Nf6 2. c4 g6 3. g3 Bg7 4. Bg2 O-O 5. Nc3 d6 6. Nf3 c6 7. O-O Qa5 8. e4 Qh5 9. Ng5 Qxd1 10. Rxd1 e5 {[%emt 0:00:16] E62: King's Indian: Fianchetto: 6...c6 and Panno Variation (6...Nc6) without ...a6} 11. d5 h6 12. Nf3 cxd5 13. cxd5 {[%emt 0:01:12] [#]} Na6 $146 ({Predecessor:} 13... Bd7 14. Nd2 Rc8 15. Bf1 Bf8 16. f3 Na6 17. Nc4 Nb4 18. Ne3 {½-½ (50) Leko,P (2734)-Mamedyarov,S (2761) Dortmund 2010}) 14. Ne1 Bd7 15. Bf1 Nc5 16. f3 a6 17. Be3 Rfc8 18. Rac1 Ne8 19. Nd3 Nxd3 20. Bxd3 h5 21. Bc2 b5 22. Bd3 Kh7 23. a3 Bh6 24. Bxh6 Kxh6 25. Na2 a5 26. Rxc8 Rxc8 27. Rc1 Rxc1+ 28. Nxc1 Kg7 29. Nb3 a4 30. Nc1 Kf6 31. Kf2 Ke7 32. Ke3 Kd8 33. Ne2 Kc7 34. h3 Kb6 35. g4 hxg4 36. fxg4 Kc5 37. Nc1 Ng7 38. Be2 f5 39. Nd3+ Kb6 40. Bf3 fxg4 41. Bxg4 Bxg4 42. hxg4 g5 43. Kd2 Ne8 44. Kc3 $11 Nf6 45. Nf2 1/2-1/2

[Event "23rd Hoogeveen Open 2019"]
[Site "Hoogeveen"]
[Date "2019.10.23"]
[Round "6.30"]
[White "Slagboom, Leandro"]
[Black "Djukic, Sandra"]
[Result "1/2-1/2"]
[ECO "A09"]
[WhiteElo "1954"]
[BlackElo "2179"]
[Annotator "RC"]
[PlyCount "107"]
[EventDate "2019.10.19"]
[EventType "swiss"]
[EventCountry "NED"]
[SourceTitle "playchess.com"]
[Source "ChessBase"]
[SourceQuality "1"]
[TimeControl "40/5400+30:1800+30"]

1. Nf3 d5 2. c4 d4 3. b4 g6 4. Bb2 Bg7 5. e3 e5 6. exd4 exd4 7. d3 Ne7 8. g3 O-O 9. Bg2 Nec6 10. b5 Re8+ 11. Kf1 Ne5 12. Nxe5 Rxe5 13. Nd2 c5 14. Nb3 Nd7 15. Qd2 a5 16. a4 Ra7 17. h3 b6 18. Re1 Rxe1+ 19. Kxe1 h5 20. Kd1 Nf8 21. Re1 h4 22. g4 Qd6 23. f4 Ne6 24. Bc1 Bh6 25. g5 Bf8 26. Qf2 Ng7 27. Qxh4 Nf5 28. Qf2 Be6 29. Be4 Ne3+ 30. Bxe3 dxe3 31. Rxe3 Bxc4 32. Nd2 Be6 33. f5 Ba2 34. fxg6 Bg7 35. Qg3 Be5 36. Qg4 c4 37. Qc8+ Kg7 38. Nxc4 Qd4 39. Rf3 Bxc4 40. Qxc4 Qxc4 41. dxc4 fxg6 42. Bd5 Bd4 43. Kd2 Re7 44. Kd3 Bc5 45. h4 Re1 46. Rf7+ Kh8 47. h5 Re3+ 48. Kd2 Re7 49. hxg6 Rxf7 50. gxf7 Kg7 51. Kd3 Bb4 52. Ke4 Bc5 53. Kf5 Bb4 54. Ke4 1/2-1/2

[Event "23rd Hoogeveen Open 2019"]
[Site "Hoogeveen"]
[Date "2019.10.23"]
[Round "6.31"]
[White "Vogel, Jaap"]
[Black "Merkon, Oseb"]
[Result "1-0"]
[ECO "E62"]
[WhiteElo "2123"]
[BlackElo "1930"]
[Annotator "ChessBase"]
[PlyCount "59"]
[EventDate "2019.10.19"]
[EventType "swiss"]
[EventCountry "NED"]
[SourceTitle "playchess.com"]
[Source "ChessBase"]
[SourceQuality "1"]
[TimeControl "40/5400+30:1800+30"]

1. d4 Nf6 2. Nf3 g6 3. g3 Bg7 4. Bg2 O-O 5. O-O d6 6. c4 Nfd7 7. Nc3 Nc6 8. e3 e5 9. b3 f5 10. Bb2 g5 11. d5 Na5 12. Nd2 b6 13. b4 Nb7 14. f4 e4 15. Rb1 g4 16. Nb3 Nf6 17. Nd4 Qe8 18. Ncb5 Qf7 19. Ne6 Bxe6 20. dxe6 Qe7 21. Nd4 c5 22. Nxf5 Qxe6 23. Nxg7 Kxg7 24. f5 Qxc4 25. Qxg4+ Kf7 26. Qg5 Ke7 27. Qg7+ Qf7 28. Bxf6+ Ke8 29. Bxe4 Rb8 30. Bc6+ 1-0

[Event "23rd Hoogeveen Open 2019"]
[Site "Hoogeveen"]
[Date "2019.10.23"]
[Round "6.32"]
[White "Albers, Sasa"]
[Black "Van der Veen, Jan"]
[Result "1-0"]
[ECO "C85"]
[WhiteElo "1975"]
[BlackElo "2043"]
[Annotator "NA RC"]
[PlyCount "101"]
[EventDate "2019.10.19"]
[EventType "swiss"]
[EventCountry "NED"]
[SourceTitle "playchess.com"]
[Source "ChessBase"]
[SourceQuality "1"]
[TimeControl "40/5400+30:1800+30"]

1. e4 e5 2. Nf3 Nc6 3. Bb5 a6 4. Ba4 Nf6 5. O-O Be7 6. Bxc6 dxc6 7. d3 Nd7 8. Nbd2 f6 9. Nc4 Nc5 10. h3 {[%emt 0:00:35] C85: Closed Ruy Lopez: Deferred Exchange Variation} (10. Nh4 g6 11. b3 a5 12. a4 O-O 13. Bb2 Ne6 14. h3 Bc5 15. Nf3 b6 16. Qd2 Qe7 17. Rad1 Ba6 {0-1 (65) Kokarev,D (2598)-Alekseenko,K (2638) Khanty-Mansiysk 2018}) 10... Be6 11. Ne3 Qd7 12. a4 a5 13. Bd2 b6 14. Qe2 O-O $146 ({Predecessor:} 14... g5 15. g4 h5 16. Nf5 hxg4 17. hxg4 O-O-O {0-1 (25) Kitts,G-Moody,D Dearborn 1986}) 15. Rfe1 Rad8 16. Nf1 Nb7 17. Ng3 Bb4 18. Bxb4 axb4 19. d4 exd4 20. Red1 c5 21. e5 f5 22. Nh5 h6 23. Nf4 Na5 24. Re1 Rfe8 25. b3 Qf7 26. Rad1 g5 27. Nxe6 Rxe6 28. h4 g4 29. Nd2 Qh5 30. Nc4 Nc6 31. g3 Rde8 32. Ra1 Kh8 33. Qd2 Kh7 34. Qf4 Ne7 35. a5 Nd5 36. Qc1 b5 37. Nb2 c4 38. bxc4 bxc4 39. Nxc4 Ra8 40. Qd2 c5 41. Qd3 Qg6 {[%emt 0:11:56] [#]} 42. h5 $1 Qxh5 43. Nd6 Qg6 44. Qb5 Ne7 45. Qb7 $18 Rf8 46. a6 f4 47. a7 fxg3 48. fxg3 Rf3 49. Qe4 Rxg3+ 50. Kh2 Rh3+ 51. Kg2 1-0

[Event "23rd Hoogeveen Open 2019"]
[Site "Hoogeveen"]
[Date "2019.10.23"]
[Round "6.33"]
[White "Achuthan, Dylan"]
[Black "Noordenbos, Daan"]
[Result "1-0"]
[ECO "C12"]
[WhiteElo "1865"]
[BlackElo "2133"]
[Annotator "ChessBase"]
[PlyCount "49"]
[EventDate "2019.10.19"]
[EventType "swiss"]
[EventCountry "NED"]
[SourceTitle "playchess.com"]
[Source "ChessBase"]
[SourceQuality "1"]
[TimeControl "40/5400+30:1800+30"]

1. e4 e6 2. d4 d5 3. Nc3 Bb4 4. Nge2 Nf6 5. Bg5 dxe4 6. a3 Be7 7. Bxf6 Bxf6 8. Nxe4 Be7 9. g3 Bd7 10. Bg2 Bc6 11. O-O h5 12. Nf4 h4 13. Qg4 Kf8 14. Qf3 Kg8 15. Qb3 Rh6 16. Rad1 g5 17. d5 exd5 18. Nxd5 Bd6 19. Qe3 Rg6 20. c4 b6 21. Nxd6 Rxd6 22. Ne7+ Kf8 23. Rxd6 Qxd6 24. Nxc6 Nxc6 25. Qf3 1-0

[Event "23rd Hoogeveen Open 2019"]
[Site "Hoogeveen"]
[Date "2019.10.23"]
[Round "6.34"]
[White "Shakhverdian, William"]
[Black "Labruyere, Roger"]
[Result "1-0"]
[ECO "A57"]
[WhiteElo "2109"]
[BlackElo "1932"]
[Annotator "RC"]
[PlyCount "107"]
[EventDate "2019.10.19"]
[EventType "swiss"]
[EventCountry "NED"]
[SourceTitle "playchess.com"]
[Source "ChessBase"]
[SourceQuality "1"]
[TimeControl "40/5400+30:1800+30"]

1. d4 Nf6 2. c4 c5 3. d5 b5 4. Qc2 bxc4 5. e4 d6 6. Bxc4 g6 7. Nf3 Bg7 8. O-O O-O 9. h3 Nbd7 10. Rd1 Ne8 11. Bd2 Nb6 12. Be2 Nc7 13. Bc3 f6 14. a4 Bd7 15. b3 Qe8 16. Na3 Qf7 17. Nc4 Nxc4 18. Bxc4 Rab8 19. Qe2 Na8 20. a5 Nc7 21. Rab1 Nb5 22. Bb2 a6 23. Re1 Rbc8 24. Qd2 Rb8 25. Rbd1 Kh8 26. Qc1 Nc7 27. Qa1 Bb5 28. Bc3 Rb7 29. h4 Bd7 30. Rd3 Nb5 31. Bb2 h5 32. Nh2 Rbb8 33. f4 Kh7 34. Rf1 Qg8 35. Qd1 Nd4 36. Bxd4 cxd4 37. Qe2 Bb5 38. Rxd4 Rfc8 39. Nf3 Qd8 40. e5 Qxa5 41. exd6 exd6 42. f5 Be8 43. Bd3 Qb6 44. Kh1 Qxb3 45. fxg6+ Bxg6 46. Ng5+ fxg5 47. Qxh5+ Kg8 48. Bxg6 Bh6 49. Bf7+ Kf8 50. Qxh6+ Ke7 51. Qe6+ Kf8 52. Be8+ Kg7 53. Qg6+ Kh8 54. Rf8# 1-0

[Event "23rd Hoogeveen Open 2019"]
[Site "Hoogeveen"]
[Date "2019.10.23"]
[Round "6.35"]
[White "Fehr, Axel"]
[Black "Taams, Sander"]
[Result "0-1"]
[ECO "B94"]
[WhiteElo "2045"]
[BlackElo "2094"]
[Annotator "NA"]
[PlyCount "94"]
[EventDate "2019.10.19"]
[EventType "swiss"]
[EventCountry "NED"]
[SourceTitle "playchess.com"]
[Source "ChessBase"]
[SourceQuality "1"]
[TimeControl "40/5400+30:1800+30"]

1. e4 c5 2. Nf3 d6 3. d4 cxd4 4. Nxd4 Nf6 5. Nc3 a6 6. Bg5 Nbd7 7. Qe2 {[%emt 0:00:08] B94: Sicilian Najdorf: 6 Bg5 Nbd7} (7. Bc4 Qb6 8. Bb3 e6 9. Qd2 Be7 10. O-O-O Nc5 11. f3 Bd7 12. g4 Qc7 13. a3 b5 14. Ba2 Qb7 15. b4 {½-½ (36) Cheparinov,I (2666)-Saric,I (2681) Patras 2019}) 7... b5 8. a3 Bb7 9. f4 e5 $146 ({Predecessor:} 9... h6 10. Bxf6 Nxf6 11. O-O-O Rc8 12. e5 Rxc3 13. exf6 Rc5 14. Qg4 gxf6 {0-1 (41) Acar,U (2050)-Kandil,A (2345) Mersin 2017}) 10. Nf5 h6 11. fxe5 dxe5 12. Bh4 (12. Bxf6 $1 $11 Nxf6 13. Qf3) 12... Rc8 13. Nd5 g5 14. Bg3 Nxd5 15. exd5 Qa5+ $1 16. c3 Rxc3 17. Qd2 {[%emt 0:18:48] Pin} Bb4 18. Nd6+ Bxd6 19. bxc3 Nc5 20. Qe3 O-O 21. h4 f5 22. hxg5 f4 23. Qd2 fxg3 24. Rxh6 Rf2 25. Qe3 Ne4 26. Rxd6 Nxd6 27. Qxe5 Nf7 28. Qxg3 Rc2 29. g6 Nd6 30. Qe5 Qxc3+ 31. Qxc3 Rxc3 32. Be2 Kg7 33. Bf3 Kxg6 34. Kd2 $19 Rb3 35. Kc2 Re3 36. a4 b4 37. a5 b3+ 38. Kd1 Bxd5 39. Bxd5 Rd3+ 40. Kc1 Rxd5 41. Ra4 Rb5 42. Rd4 Nb7 43. Rg4+ Kh5 44. Rf4 b2+ 45. Kb1 Nxa5 46. Ra4 Nb3 47. g4+ Kh4 0-1

[Event "23rd Hoogeveen Open 2019"]
[Site "Hoogeveen"]
[Date "2019.10.23"]
[Round "6.36"]
[White "Gijsen, William"]
[Black "Vasse, Albert"]
[Result "1-0"]
[ECO "B23"]
[WhiteElo "2091"]
[BlackElo "1934"]
[Annotator "NA"]
[PlyCount "83"]
[EventDate "2019.10.19"]
[EventType "swiss"]
[EventCountry "NED"]
[SourceTitle "playchess.com"]
[Source "ChessBase"]
[SourceQuality "1"]
[TimeControl "40/5400+30:1800+30"]

1. e4 c5 2. Nc3 Nc6 3. f4 g6 4. Nf3 Bg7 5. Bc4 e6 6. d3 Nge7 7. O-O O-O 8. Qe1 d5 9. Bb3 dxe4 {[%emt 0:26:22] B23: Closed Sicilian: Lines without g3} (9... Nd4 10. Nxd4 cxd4 11. Ne2 dxe4 {0-1 (41) Abarca Gonzalez,N (2409)-Alonso,S (2500) Villa Tehuelches 2019}) 10. dxe4 Nd4 11. e5 $2 $146 ({Predecessor:} 11. Nxd4 $11 cxd4 12. Ne2 b6 (12... a5 13. Ng3 a4 14. Bc4 d3 15. cxd3 b5 16. f5 exf5 17. exf5 Nxf5 18. Qe4 Qb6+ 19. Kh1 Nxg3+ 20. hxg3 {0-1 (28) Grabarczyk,S (1810)-Stock,A (2014) Brno 2018}) 13. Ng3 a5 14. f5 exf5 15. Bg5 Qc7 16. Bxe7 Qxe7 17. exf5 Qxe1 18. Raxe1 a4 19. Bc4 Ba6 20. Bxa6 Rxa6 {0-1 (41) Abarca Gonzalez,N (2409)-Alonso,S (2500) Villa Tehuelches 2019}) 11... Nef5 12. Qf2 {[%emt 0:10:45] [#]} (12. Be3 $11) 12... f6 (12... Nxf3+ $1 $17 13. Qxf3 Qc7) 13. exf6 Nxf3+ 14. Qxf3 Nd4 15. Qf2 Bxf6 16. Ne4 Nxb3 17. Nxf6+ Qxf6 18. axb3 b6 19. Qe3 Bb7 20. Bd2 Qd4 21. Qxd4 cxd4 22. Bb4 Rfd8 23. Be7 Rd7 24. Bf6 Kf7 25. Be5 Be4 26. Rf2 Rc8 27. Rc1 Ke8 28. Rd2 d3 $14 29. c3 Rd5 30. Kf2 h5 31. h3 g5 32. g3 gxf4 33. gxf4 Bf5 34. Rg1 Bxh3 35. c4 Rdd8 36. Bf6 Rd6 37. Be5 Rdd8 38. Rg8+ Kf7 39. Rg7+ Kf8 40. Rh7 Bg4 41. Bf6 Be2 42. Rh8+ 1-0

[Event "23rd Hoogeveen Open 2019"]
[Site "Hoogeveen"]
[Date "2019.10.23"]
[Round "6.37"]
[White "Klaren, Duncan"]
[Black "Mijnster, Niels"]
[Result "0-1"]
[ECO "B18"]
[WhiteElo "1923"]
[BlackElo "2145"]
[Annotator "ChessBase"]
[PlyCount "56"]
[EventDate "2019.10.19"]
[EventType "swiss"]
[EventCountry "NED"]
[SourceTitle "playchess.com"]
[Source "ChessBase"]
[SourceQuality "1"]
[TimeControl "40/5400+30:1800+30"]

1. e4 c6 2. d4 d5 3. Nc3 dxe4 4. Nxe4 Bf5 5. Ng3 Bg6 6. Bc4 e6 7. N1e2 Nf6 8. Nf4 Nd5 9. c3 Nd7 10. O-O N7f6 11. Re1 Bd6 12. Nfh5 Nxh5 13. Nxh5 Bxh2+ 14. Kf1 Qh4 15. Nxg7+ Kf8 16. Nxe6+ fxe6 17. Qf3+ Ke7 18. g3 Qh3+ 19. Qg2 Bf5 20. Re5 Raf8 21. Bg5+ Kd7 22. Bh4 Rhg8 23. Bxd5 cxd5 24. Rxf5 Qxf5 25. Qxh2 Qc2 26. Re1 Rf3 27. g4 Qd3+ 28. Re2 Rh3 0-1

[Event "23rd Hoogeveen Open 2019"]
[Site "Hoogeveen"]
[Date "2019.10.24"]
[Round "7.2"]
[White "Ernst, Sipke"]
[Black "Basso, Pier Luigi"]
[Result "1/2-1/2"]
[ECO "D13"]
[WhiteElo "2523"]
[BlackElo "2575"]
[Annotator "ChessBase"]
[PlyCount "44"]
[EventDate "2019.10.19"]
[EventType "swiss"]
[EventCountry "NED"]
[SourceTitle "playchess.com"]
[Source "ChessBase"]
[SourceQuality "1"]
[TimeControl "40/5400+30:1800+30"]

1. d4 d5 2. c4 c6 3. cxd5 cxd5 4. Nc3 Nc6 5. Nf3 Nf6 6. Bf4 e6 7. e3 Nh5 8. Bg3 Nxg3 9. hxg3 g6 10. Bb5 Bg7 11. O-O O-O 12. Bxc6 bxc6 13. Na4 Bd7 14. Rc1 Be8 15. Nc5 Rb8 16. Qd2 Qe7 17. Rfe1 Bh6 18. Rc2 f6 19. Qc3 Bf7 20. e4 Rfd8 21. Rce2 Rb6 22. b4 Rdb8 1/2-1/2

[Event "23rd Hoogeveen Open 2019"]
[Site "Hoogeveen"]
[Date "2019.10.24"]
[Round "7.4"]
[White "Beerdsen, Thomas"]
[Black "Kirchei, Viktoriia"]
[Result "0-1"]
[ECO "B22"]
[WhiteElo "2472"]
[BlackElo "2051"]
[Annotator "ChessBase"]
[PlyCount "70"]
[EventDate "2019.10.19"]
[EventType "swiss"]
[EventCountry "NED"]
[SourceTitle "playchess.com"]
[Source "ChessBase"]
[SourceQuality "1"]
[TimeControl "40/5400+30:1800+30"]

1. e4 c5 2. Nf3 Nc6 3. c3 Nf6 4. e5 Nd5 5. Bc4 Nb6 6. Bb3 d5 7. exd6 exd6 8. O-O Be7 9. h3 Bf5 10. d4 c4 11. Bc2 Bxc2 12. Qxc2 O-O 13. Re1 Bf6 14. Bf4 d5 15. Nbd2 Nc8 16. Nf1 b5 17. Ne3 g6 18. h4 h5 19. Ng5 Qd7 20. Kh1 Kg7 21. Qe2 N8e7 22. Qf3 Rad8 23. Bh2 b4 24. Re2 a5 25. Rg1 Nf5 26. Nxf5+ Qxf5 27. Qxf5 gxf5 28. Nf3 Rfe8 29. Rge1 Re4 30. Kg1 Rde8 31. Kf1 a4 32. Bf4 a3 33. Bc1 Rxe2 34. Rxe2 Rxe2 35. Kxe2 b3 0-1

[Event "23rd Hoogeveen Open 2019"]
[Site "Hoogeveen"]
[Date "2019.10.24"]
[Round "7.5"]
[White "Akash, Ganesan"]
[Black "Moksh Amit Doshi"]
[Result "0-1"]
[ECO "B81"]
[WhiteElo "2449"]
[BlackElo "2328"]
[Annotator "NA"]
[PlyCount "78"]
[EventDate "2019.10.19"]
[EventType "swiss"]
[EventCountry "NED"]
[SourceTitle "playchess.com"]
[Source "ChessBase"]
[SourceQuality "1"]
[TimeControl "40/5400+30:1800+30"]

1. e4 c5 2. Nf3 d6 3. d4 cxd4 4. Nxd4 Nf6 5. Nc3 a6 6. h3 e6 7. g4 Nfd7 8. Bg2 Be7 9. Be3 Nc6 10. h4 O-O 11. g5 Nde5 12. Qe2 Nxd4 13. Bxd4 Nc6 14. Be3 Bd7 15. f4 b5 16. h5 b4 17. Nd1 e5 18. Qd2 exf4 19. Bxf4 Ne5 20. Nf2 Rc8 21. g6 fxg6 22. Bxe5 dxe5 23. hxg6 Bh4 24. O-O Qb6 25. Qxd7 Bxf2+ 26. Kh1 hxg6 27. Bh3 Qe3 28. Qd3 Qh6 29. Kg2 Qg5+ 30. Kh1 Qh5 31. Kg2 Rxc2 32. Be6+ Kh7 33. Qh3 Be3+ 34. Kh1 Bf4 35. Qxh5+ gxh5 36. Rad1 Rf6 37. Bf5+ g6 38. Bd7 Rh2+ 39. Kg1 Rxb2 0-1

[Event "23rd Hoogeveen Open 2019"]
[Site "Hoogeveen"]
[Date "2019.10.24"]
[Round "7.7"]
[White "Hilwerda, Jonas"]
[Black "Harutjunyan, Gevorg"]
[Result "1/2-1/2"]
[ECO "B19"]
[WhiteElo "2229"]
[BlackElo "2428"]
[Annotator "NA"]
[PlyCount "99"]
[EventDate "2019.10.19"]
[EventType "swiss"]
[EventCountry "NED"]
[SourceTitle "playchess.com"]
[Source "ChessBase"]
[SourceQuality "1"]
[TimeControl "40/5400+30:1800+30"]

1. e4 c6 2. d4 d5 3. Nd2 dxe4 4. Nxe4 Bf5 5. Ng3 Bg6 6. h4 h6 7. Nf3 Nd7 8. h5 Bh7 9. Bd3 Bxd3 10. Qxd3 e6 11. Bd2 Ngf6 12. O-O-O Be7 13. Kb1 Qb6 14. Rhe1 O-O 15. Nf5 Bb4 16. Nxh6+ gxh6 17. c3 Ba3 18. Bc1 Rfe8 19. g4 Nh7 20. c4 Bf8 21. g5 hxg5 22. Rg1 Kh8 23. h6 Be7 24. Bxg5 Qa5 25. c5 Nxc5 26. Qc2 Nd7 27. d5 cxd5 28. Bxe7 Rac8 29. Qd3 Rxe7 30. Rg7 Ndf6 31. Ne5 Qc7 32. f4 Rg8 33. Rdg1 Rxg7 34. Rxg7 Ne4 35. a3 Nhf6 36. Qe2 Ne8 37. Qg2 Nd2+ 38. Ka2 Qc2 39. Rg8+ Kh7 40. Rg7+ Kh8 41. Rg8+ Kh7 42. Rg7+ Kh8 43. Qg1 Nb3 44. Rg8+ Kh7 45. Rg7+ Kh8 46. Rg8+ Kh7 47. Rxe8 Nc1+ 48. Ka1 Nb3+ 49. Ka2 Nc1+ 50. Ka1 1/2-1/2

[Event "23rd Hoogeveen Open 2019"]
[Site "Hoogeveen"]
[Date "2019.10.24"]
[Round "7.8"]
[White "Zwirs, Nico"]
[Black "Elgersma, Onno"]
[Result "1/2-1/2"]
[ECO "D37"]
[WhiteElo "2421"]
[BlackElo "2306"]
[Annotator "NA"]
[PlyCount "119"]
[EventDate "2019.10.19"]
[EventType "swiss"]
[EventCountry "NED"]
[SourceTitle "playchess.com"]
[Source "ChessBase"]
[SourceQuality "1"]
[TimeControl "40/5400+30:1800+30"]

1. d4 d5 2. c4 e6 3. Nc3 Nf6 4. Nf3 a6 5. cxd5 exd5 6. Bg5 Be6 7. e3 Nbd7 8. Bd3 Bd6 9. O-O c6 10. Rb1 h6 11. Bf4 Qc7 12. Bg3 O-O 13. b4 Bxg3 14. hxg3 b5 15. a4 Nb6 16. Nd2 Nc4 17. Nb3 Ng4 18. Bxc4 bxc4 19. Nc5 Qe7 20. Ne2 Bf5 21. Rc1 Rfb8 22. Qd2 Qg5 23. Nf4 Nf6 24. Nh3 Bxh3 25. gxh3 Qf5 26. Kg2 Ne4 27. Nxe4 Qxe4+ 28. f3 Qe7 29. Rb1 Ra7 30. Rb2 Rab7 31. Rfb1 Kf8 32. Qc3 h5 33. h4 Kg8 34. Kf2 Rb6 35. Kg2 Kh8 36. Kf2 f6 37. e4 dxe4 38. Qxc4 exf3 39. Qc5 Qe4 40. Qxh5+ Kg8 41. Qxf3 Qxd4+ 42. Qe3 Qd5 43. Qb3 Qxb3 44. Rxb3 c5 45. b5 c4 46. Rb4 c3 47. Rc1 axb5 48. Rxc3 bxa4 49. Rxa4 Rb2+ 50. Kf3 R2b3 51. Rxb3 Rxb3+ 52. Kf4 Kh7 53. Kg4 Kh6 54. Ra8 Rb4+ 55. Kh3 Kh7 56. h5 Rb5 57. g4 Rb3+ 58. Kh4 Rb4 59. Rf8 Rb1 60. Ra8 1/2-1/2

[Event "23rd Hoogeveen Open 2019"]
[Site "Hoogeveen"]
[Date "2019.10.24"]
[Round "7.9"]
[White "Seul, Georg"]
[Black "Gomes, Mary Ann"]
[Result "1-0"]
[ECO "B23"]
[WhiteElo "2411"]
[BlackElo "2268"]
[Annotator "NA"]
[PlyCount "93"]
[EventDate "2019.10.19"]
[EventType "swiss"]
[EventCountry "NED"]
[SourceTitle "playchess.com"]
[Source "ChessBase"]
[SourceQuality "1"]
[TimeControl "40/5400+30:1800+30"]

1. e4 c5 2. Nc3 e6 3. f4 d5 4. Nf3 Nc6 5. Bb5 Nf6 6. e5 Nd7 7. Bxc6 bxc6 8. d3 Be7 9. O-O O-O 10. Qe1 Rb8 11. b3 f5 12. exf6 Bxf6 13. Bb2 Qe7 14. Qg3 Rb4 15. Ne5 Rxf4 16. Rxf4 Bxe5 17. Rxf8+ Qxf8 18. Qe1 Qf6 19. Nd1 Bxb2 20. Nxb2 Qd4+ 21. Kh1 Nf6 22. c3 Qf4 23. Qg3 Qd2 24. Na4 Bd7 25. h3 Be8 26. Qe1 Qxd3 27. Nxc5 Qc2 28. Qxe6+ Kh8 29. Qe5 h5 30. Rf1 Bf7 31. a4 a5 32. Qb8+ Bg8 33. Qe5 d4 34. Qxd4 Bxb3 35. Nxb3 Qxb3 36. Qd8+ Kh7 37. Qxa5 Nd5 38. Rf3 Qb1+ 39. Kh2 Qe4 40. Qc5 Qxa4 41. c4 Nf6 42. Ra3 Qd1 43. Qf5+ Kg8 44. Ra8+ Kf7 45. Ra7+ Kg8 46. Qe6+ Kh7 47. Qxf6 1-0

[Event "23rd Hoogeveen Open 2019"]
[Site "Hoogeveen"]
[Date "2019.10.24"]
[Round "7.10"]
[White "Dev, Shah"]
[Black "Romanishin, Oleg M"]
[Result "0-1"]
[ECO "E46"]
[WhiteElo "2025"]
[BlackElo "2441"]
[Annotator "NA"]
[PlyCount "70"]
[EventDate "2019.10.19"]
[EventType "swiss"]
[EventCountry "NED"]
[SourceTitle "playchess.com"]
[Source "ChessBase"]
[SourceQuality "1"]
[TimeControl "40/5400+30:1800+30"]

1. d4 Nf6 2. c4 e6 3. Nc3 Bb4 4. e3 O-O 5. Nge2 d5 6. a3 Be7 7. Nf4 c6 8. Bd3 Nbd7 9. O-O dxc4 10. Bxc4 Nb6 11. Ba2 Nbd5 12. Nfe2 Nxc3 13. bxc3 c5 14. Bb2 cxd4 15. cxd4 b6 16. Qd3 Bb7 17. f3 Bd5 18. Bb1 b5 19. e4 Bc4 20. Qe3 Qb6 21. Rd1 Rfd8 22. f4 Rac8 23. Ng3 g6 24. e5 Nd5 25. Qf3 a5 26. Ne4 b4 27. a4 Ba6 28. Kh1 Bb7 29. Qg3 Qc6 30. Bd3 Nc3 31. Bxc3 bxc3 32. Rdc1 Rxd4 33. Rxc3 Qxc3 34. Nxc3 Rxc3 35. Qe1 Rcxd3 0-1